 Dungeon Crawl Stone Soup version 0.26-a0-1033-gd598b01645 (webtiles) character file.

Game seed: 6157890336276861754

2386 timneilson the Covered (level 9, -1/54 HPs)
             Began as a Gargoyle Fighter on Dec 11, 2020.
             Was a Priest of Okawaru.
             Slain by a howler monkey (4 damage)
             ... on level 8 of the Dungeon.
             The game lasted 00:15:35 (6862 turns).

timneilson the Covered (Gargoyle Fighter)           Turns: 6862, Time: 00:15:36

Health: -1/54      AC: 21    Str: 24    XL:     9   Next: 46%
Magic:  11/11      EV:  6    Int:  8    God:    Okawaru [***...]
Gold:   623        SH: 12    Dex:  9    Spells: 8/8 levels left

rFire    . . .     SeeInvis .   b - +0 long sword (vorpal)
rCold    . . .     Faith    .   c - +1 kite shield
rNeg     + . .     Spirit   .   n - +0 chain mail
rPois    ∞         Reflect  .   (no helmet)
rElec    +         Harm     .   (no cloak)
rCorr    .         Rampage  .   (no gloves)
Will     .....                  (no boots)
Stlth    ..........             (no amulet)
HPRegen  0.18/turn              y - +4 ring of protection
MPRegen  0.12/turn              (no ring)

@: no status effects
A: negative energy resistance 1, electricity resistance, unbreathing,
petrification resistance, rot immunity, AC +6
a: Heroism, Renounce Religion


You were on level 8 of the Dungeon.
You worshipped Okawaru.
Okawaru was most pleased with you.
You visited 1 branch of the dungeon, and saw 8 of its levels.
You also visited: Ossuary.

You collected 623 gold pieces.

Inventory:

Hand Weapons
 a - a +1 long sword
 b - a +0 vorpal long sword (weapon)
Armour
 c - a +1 kite shield (worn)
 i - a +0 plate armour
 n - a +0 chain mail (worn)
Jewellery
 p - an uncursed ring of ice
 y - a +4 ring of protection (left hand)
Wands
 k - a wand of paralysis (9)
 q - a wand of random effects (11)
 s - a wand of acid (4)
 v - a wand of polymorph (7)
 A - a wand of disintegration (13)
Scrolls
 e - 2 scrolls of immolation
 f - 3 scrolls of teleportation
 g - a scroll of enchant armour
 m - 5 scrolls of remove curse
 r - a scroll of amnesia
 u - 2 scrolls of enchant weapon
 w - 3 scrolls of fear
Potions
 d - a potion of might
 h - a potion of lignification
 j - 2 potions of resistance
 l - a potion of mutation
 o - 2 potions of attraction
 t - a potion of cancellation
 z - a potion of flight {unknown}
 B - a potion of ambrosia {unknown}


   Skills:
 + Level 5.5 Fighting
 * Level 5.7 Long Blades
 * Level 7.3 Armour
 * Level 7.3 Shields
 + Level 3.8 Invocations
 + Level 3.3 Evocations


You had 8 spell levels left.
You didn't know any spells.
Your spell library contained the following spells:

 Spells                   Type           Power        Failure   Level
 Confusing Touch          Hex            #.......     100%        3
 Gell's Gravitas          Tloc           #.........   100%        3
 Petrify                  Tmut/Erth      #.......     100%        4
 Metabolic Englaciation   Hex/Ice        #.........   100%        5
 Yara's Violent Unravell  Hex/Tmut       #.........   100%        5


Dungeon Overview and Level Annotations

Branches:
Dungeon (8/15)             Temple (0/1) D:7         Ossuary (visited)
   Lair: D:8-11

Altars:
Elyvilon
Fedhas
Kikubaaqudgha
Makhleb
Okawaru
Qazlal
Sif Muna
Trog
Uskayaw
Vehumet
Xom

Shops:
D:4 (   D:7 (

Annotations:
D:6 3 runed translucent doors, TheFalseGod1234's ghost, novice GnIE
D:7 1 runed translucent door, FalseProphet's ghost, novice OpTm


Innate Abilities, Weirdness & Mutations

You are resistant to torment.
Your stone body is resilient. (AC +6)
You are immune to poison.
You resist negative energy. (rN+)
You are resistant to electric shocks. (rElec)
You can survive without breathing.
You are immune to petrification.
You are immune to rotting.


Message History

A howler monkey comes into view.
The howler monkey howls!
The howler monkey hoots and howls with incredible vigour!
You block the bullfrog's attack.
You hear a shout!
A howler monkey comes into view.
You block the bullfrog's attack.
The howler monkey hits you but does no damage.
The bullfrog hits you but does no damage.
The howler monkey hits you.
* * * LOW HITPOINT WARNING * * *
You feel like a meek peon again. The howler monkey hits you.
* * * LOW HITPOINT WARNING * * *
The bullfrog barely misses you.
A jelly comes into view.
The jelly quivers.
The bullfrog closely misses you. The howler monkey hits you.
You die...

#.## #.# #o#####J# #.
...# #.....#.###.. ...#
# #..o........####.#.# #
#.).o...###........# #
#.......###........# #
#.....F......(.....#####
#.....h...............##
#.....h@####..#######.))
#.........<.....<..†...)
#.......####.###########
#........###.##### #
#.#...#..........# #
#...#####........# #
#.## #........# ##
######...# #..#


You could see 2 orc warriors, a bullfrog, 2 howler monkeys, a jelly and an orc.

Vanquished Creatures
  A troll (D:8)
  A sky beast (D:6)
  2 orc warriors (D:7)
  A phantom (D:8)
  A necrophage (D:7)
  A black bear (D:7)
  2 ice beasts (D:6)
  4 centaurs
  An ogre (D:4)
  A bullfrog (D:6)
  2 scorpions
  A howler monkey (D:5)
  2 centaur zombies
  A hound (D:5)
  3 jellies
  2 orc priests (D:8)
  4 orc wizards
  A bullfrog skeleton (D:4)
  An iguana (D:8)
  4 worker ants
  2 big kobold zombies (Ossuary)
  2 mummies (Ossuary)
  3 gnolls (D:7)
  11 adders
  2 shadow imps (D:5)
  A white imp (D:7)
  An ufetubus (D:5)
  An adder zombie (D:7)
  An ooze (D:3)
  An adder skeleton (D:5)
  2 worms
  2 dart slugs
  4 leopard geckos
  18 orcs
  5 bats
  4 giant cockroaches
  2 gnoll zombies (Ossuary)
  9 hobgoblins
  6 jackals (D:4)
  A quokka (D:5)
  4 frilled lizards
  7 goblins
  5 goblin zombies (Ossuary)
  3 hobgoblin zombies (Ossuary)
  A jackal skeleton (D:6)
  7 kobolds
  An orc zombie (Ossuary)
  2 quokka skeletons
  8 rats
152 creatures vanquished.

Vanquished Creatures (others)
  A bat (D:1)
1 creature vanquished.

Grand Total: 153 creatures vanquished

Notes
Turn   | Place    | Note
-------+----------+-------------------------------------------
     0 | D:1      | timneilson the Gargoyle Fighter began the quest for the
                  | Orb.
     0 | D:1      | Reached XP level 1. HP: 14/14 MP: 1/1
   157 | D:1      | Reached XP level 2. HP: 18/19 MP: 2/2
   455 | D:1      | Reached XP level 3. HP: 23/23 MP: 3/3
  1521 | D:2      | Reached XP level 4. HP: 28/28 MP: 4/4
  2171 | D:3      | Found an iron altar of Okawaru.
  2190 | D:3      | Became a worshipper of Warmaster Okawaru
  2477 | D:4      | Noticed an ogre
  2483 | D:4      | Killed an ogre
  2484 | D:4      | Reached XP level 5. HP: 8/33 MP: 5/5
  2728 | D:4      | Found Peeliuh's Weapon Emporium.
  2810 | D:4      | Reached XP level 6. HP: 35/38 MP: 6/6
  2878 | D:4      | Found a white marble altar of Elyvilon.
  3147 | D:4      | Reached skill level 1 in Invocations
  3147 | D:4      | Reached skill level 1 in Evocations
  3372 | D:5      | Entered Level 5 of the Dungeon
  3442 | D:5      | Reached skill level 5 in Armour
  3447 | D:5      | Reached skill level 5 in Shields
  3453 | D:5      | Found a blossoming altar of Fedhas.
  3470 | D:5      | Reached XP level 7. HP: 24/43 MP: 8/8
  3496 | D:5      | Reached * piety under Okawaru
  3524 | D:5      | Found a radiant altar of Vehumet.
  3563 | D:5      | Found a sand-covered staircase.
  3576 | Ossuary  | Entered an ossuary
  4124 | D:5      | Found a shimmering altar of Xom.
  4126 | D:5      | Found a burning altar of Makhleb.
  4126 | D:5      | Found a hazy altar of Hepliaklqana.
  4128 | D:5      | Found a bloodstained altar of Trog.
  4128 | D:5      | Found an iron altar of Okawaru.
  4128 | D:5      | Found an ancient bone altar of Kikubaaqudgha.
  4642 | D:6      | Found a faded altar of an unknown god.
  4642 | D:6      | Found a hide-covered altar of Uskayaw.
  4647 | D:6      | Found a faded altar of an unknown god.
  4649 | D:6      | Found a stormy altar of Qazlal.
  4650 | D:6      | Found a bloodstained altar of Trog.
  4711 | D:6      | Found a runed translucent gate.
  4711 | D:6      | Found a runed translucent gate.
  4712 | D:6      | Found a runed translucent gate.
  4718 | D:6      | Reached XP level 8. HP: 26/48 MP: 9/9
  4867 | D:6      | Noticed TheFalseGod1234's ghost (novice GnIE)
  4880 | D:6      | Reached ** piety under Okawaru
  5518 | D:7      | Reached skill level 5 in Fighting
  5538 | D:7      | Reached skill level 5 in Long Blades
  5587 | D:7      | Found a staircase to the Ecumenical Temple.
  5816 | D:7      | Found a runed translucent door.
  5828 | D:7      | Reached XP level 9. HP: 15/54 MP: 8/11
  6134 | D:7      | Noticed FalseProphet's ghost (novice OpTm)
  6169 | D:7      | Found Kutwuxta's Weapon Boutique.
  6190 | D:7      | Found a shimmering blue altar of Sif Muna.
  6814 | D:8      | Noticed a troll
  6842 | D:8      | Killed a troll
  6842 | D:8      | Reached *** piety under Okawaru
  6859 | D:8      | HP: 2/54 [howler monkey (5)]
  6862 | D:8      | Slain by a howler monkey

Illustrated notes

Levels and vault maps discovered:
D:1:      shiori_arrival_oz, layout_basic
D:2:      layout_basic
D:3:      layout_loops_ring, overflow_temple_1_default,
          chequers_serial_rivers_micro_c, nicolae_underground_beach
D:4:      layout_gridville, elyvilon_altar_5, serial_shops,
          nicolae_shop_waterfront, grunt_ministairs_9, solitary_fountain
D:5:      wander_river, layout_gridville, doesnt_xom_only_xom,
          old_standard_altar, nicolae_ossuary_entry_ruins, minmay_ruined_shrine
D:6:      layout_rooms, chequers_temple_overflow_minitemple, gammafunk_ghost_icy
D:7:      layout_cave_pools, lemuel_blue_sif_altar, minmay_temple_entry_ruins,
          ebering_ghost_reflecting_pool, serial_shops, shop
D:8:      layout_rooms, lemuel_round_altar, ebering_ghost_reflecting_pool

Skill      XL: |  1  2  3  4  5  6  7  8  9 |
---------------+----------------------------+-----
Long Blades    | 2 3 4 5 |  5.7
Shields        | 4 5 6 7 |  7.3
Armour         | 4 5 6 7 |  7.3
Fighting       | 4 5 |  5.5
Invocations    | 1 2 3 |  3.8
Evocations     | 1 2 3 |  3.3

Action                   |  1- 3 |  4- 6 |  7- 9 || total
-------------------------+-------+-------+-------++-------
Melee: Long sword        |   143 |   176 |   404 ||   723
Invok: Heroism           |       |       |     5 ||     5
  Use: Scroll            |     4 |     3 |    11 ||    18
       Potion            |       |     1 |     6 ||     7
Armor: Scale mail        |    80 |    75 |       ||   155
       Chain mail        |       |       |   254 ||   254
       Skin              |       |       |    13 ||    13
Dodge: Dodged            |    47 |    57 |   101 ||   205
Block: Kite shield       |    76 |   125 |   286 ||   487
       Rpst.: Long sword |    20 |    24 |    25 ||    69

Table legend: (Time is in decaauts)
 A = Elapsed time spent in this place.
 B = Non-inter-level travel time spent in this place.
 C = Inter-level travel time spent in this place.
 D = Time resting spent in this place.
 E = Time spent auto-exploring this place.
 F = Levels seen in this place.
 G = Mean time per level.
                   A        B        C        D        E       F      G
               +--------+--------+--------+--------+--------+-----+--------+
         Total |   7053 |   6882 |    171 |    442 |   4766 |   9 |  783.7 |
       Dungeon |   6553 |   6382 |    171 |    257 |   4556 |   8 |  819.1 |
       Ossuary |    499 |    499 |      0 |    185 |    210 |   1 |  499.0 |
               +--------+--------+--------+--------+--------+-----+--------+

Top non-repeatable levels by time:
     D:6: 996 daAuts
     D:4: 965 daAuts
     D:7: 963 daAuts
     D:2: 889 daAuts
     D:3: 869 daAuts
     D:1: 746 daAuts
     D:5: 664 daAuts
 Ossuary: 499 daAuts
     D:8: 457 daAuts
